Map: Deathaura LE

Players

LiquidClem (Clem)

  • Race: Terran Terran
  • League: Master
  • Spawn Location: 5:00

Reynor - Winner!

  • Race: Zerg Zerg
  • League: Master
  • Spawn Location: 11:00

Event: DreamHack SC2 Masters 2020 Fall

VOD

Have the link to the VOD?

Description

Time

  • Played on: Sept. 20, 2020, 11:38 a.m.
  • Length: 15:21

All games in this series

Show
View Real Time Build Order
Export as new Build Order

LiquidClem Terran 

Build Orders: Liberator Opening, Reaper Expand 

Get SALT Encoding   

  12  0:00  SCV  
  13  0:12  SCV  
  14  0:16  Supply Depot  
  14  0:24  SCV  
  15  0:38  SCV  
  15  0:39  Barracks  
  16  0:43  Refinery  
  16  0:50  SCV  
  17  1:02  SCV  
  18  1:14  SCV  
  19  1:26  Reaper, Orbital Command  
  20  1:39  Command Center  
  20  1:47  Supply Depot  
  20  1:52  SCV  
  21  1:58  Marine  
  22  2:04  SCV  
  23  2:10  Factory  
  23  2:15  Refinery  
  23  2:16  SCV  
  23  2:20  Barracks Reactor  
  24  2:28  SCV  
  25  2:40  SCV  
  26  2:52  SCV  
  26  2:55  Orbital Command, Starport  
  27  3:02  Hellion x2  
  27  3:04  SCV  
  27  3:05  Marine  
  33  3:10  Supply Depot  
  33  3:16  SCV  
  34  3:22  SCV  
  34  3:23  Hellion  
  34  3:24  Hellion  
  39  3:29  SCV  
  39  3:31  Liberator  
  39  3:34  SCV, Supply Depot  
  44  3:36  Barracks Tech Lab  
  44  3:41  SCV  
  44  3:46  SCV, Hellion  
  44  3:48  Hellion  
  50  3:53  SCV  
  51  4:00  SCV  
  52  4:04  Command Center  
  52  4:07  SCV  
  53  4:11  Hellion  
  53  4:12  Hellion  
  53  4:16  Liberator  
  60  4:20  Supply Depot  
  60  4:21  SCV  
  60  4:23  SCV  
  62  4:26  Stimpack  
  62  4:38  Barracks  
  62  4:39  Barracks  
  62  4:41  SCV x2  
  62  4:42  Marine  
  62  4:43  Factory Reactor  
  65  4:49  Supply Depot  
  65  4:53  SCV x2  
  65  4:57  Engineering Bay  
  65  4:58  Engineering Bay  
  67  5:01  Starport Reactor  
  67  5:06  SCV x2, Refinery, Marine  
  70  5:07  Refinery  
  70  5:18  SCV x2  
  70  5:19  SCV  
  62  5:24  Marine  
  60  5:30  Barracks  
  60  5:32  Marine x2  
  60  5:34  SCV, Orbital Command, Barracks  
  60  5:35  SCV  
  64  5:37  Factory Reactor  
  64  5:38  Terran Infantry Weapons Level 1  
  64  5:42  Terran Infantry Armor Level 1  
  64  5:44  Marine x2  
  64  5:46  Marine  
  67  5:50  SCV x2  
  67  5:56  Medivac x2, Orbital Command  
  73  5:57  Marine x2  
  73  6:02  SCV  
  73  6:03  SCV, Marine x2  
  79  6:06  Combat Shield  
  79  6:12  Supply Depot  
  79  6:14  Marine  
  79  6:15  SCV  
  79  6:16  Marine  
  86  6:18  Widow Mine x2  
  86  6:19  SCV  
  86  6:20  Marine  
  86  6:23  Barracks Reactor  
  86  6:24  Marine  
  89  6:25  Marine  
  89  6:27  SCV x2  
  89  6:29  Barracks Reactor  
  89  6:32  Armory  
  92  6:33  SCV  
  92  6:37  Marine  
  92  6:39  SCV  
  95  6:40  Supply Depot, Marine x2  
  95  6:41  SCV  
  95  6:46  Factory  
  98  6:47  Refinery  
  98  6:50  Medivac  
  98  6:52  Marine  
  98  6:53  Supply Depot  
  101  6:58  Supply Depot  
  101  7:01  SCV x2, Medivac, Marine  
  101  7:02  SCV, Supply Depot, Marine x2  
  109  7:09  Marine  
  109  7:10  Marine  
  109  7:14  Marine x4  
  109  7:15  SCV x3  
  116  7:17  Supply Depot  
  116  7:19  Marine  
  116  7:20  Marine x2  
  116  7:21  Supply Depot, Widow Mine  
  116  7:22  Widow Mine  
  123  7:27  SCV, Marine  
  123  7:28  Marine  
  123  7:29  Medivac  
  128  7:32  Marine  
  128  7:36  Supply Depot, Terran Infantry Weapons Level 2  
  129  7:37  Factory Tech Lab  
  129  7:39  Terran Infantry Armor Level 2  
  129  7:40  Marine  
  129  7:42  SCV  
  128  7:50  Command Center  
  128  7:52  Marine  
  128  7:53  Marine  
  128  7:54  Marine  
  128  7:55  Marine x3  
  128  7:57  Widow Mine  
  136  7:59  Widow Mine  
  136  8:01  Marine, Widow Mine  
  141  8:09  Medivac x2, Marine x2  
  146  8:13  Marine x2  
  146  8:14  Marine x2  
  146  8:17  SCV  
  146  8:18  SCV  
  141  8:23  Marine x3  
  131  8:27  Marine x2, Widow Mine  
  131  8:28  Drilling Claws  
  131  8:31  Marine x2  
  131  8:32  SCV, Marine  
  139  8:35  Widow Mine, Marine  
  139  8:40  SCV  
  139  8:41  SCV  
  144  8:42  Marine x3  
  144  8:44  SCV  
  144  8:45  Widow Mine, Marine  
  149  8:50  Marine x2, Widow Mine  
  149  8:52  Marine x2  
  149  8:53  SCV  
  156  8:57  Supply Depot  
  156  8:58  Supply Depot  
  156  9:03  SCV x2, Marine  
  156  9:04  Marine x3  
  156  9:06  Siege Tank  
  156  9:09  Supply Depot  
  141  9:17  Marine x2  
  141  9:19  Marine x3, Widow Mine  
  141  9:21  Marine  
  141  9:22  Marine  
  141  9:23  Marine  
  147  9:26  Medivac x2, Marine  
  147  9:30  Widow Mine  
  135  9:35  SCV, Marine x2  
  135  9:36  SCV, Marine  
  135  9:37  Planetary Fortress, Marine  
  139  9:40  Terran Vehicle And Ship Armor Level 1  
  139  9:41  Siege Tank  
  139  9:42  Marine x4, Widow Mine  
  139  9:44  Marine  
  149  9:52  SCV, Marine  
  150  9:53  Barracks x2  
  150  9:54  Barracks  
  150  9:55  SCV x2  
  150  9:56  Widow Mine  
  152  10:00  Marauder  
  152  10:04  SCV, Widow Mine  
  152  10:05  Marine x3  
  152  10:06  Marine x2  
  152  10:07  SCV, Marine x2  
  158  10:10  Marine  
  164  10:14  Widow Mine  
  164  10:16  Medivac  
  164  10:17  Medivac  
  164  10:18  SCV  
  169  10:22  SCV x2, Marauder  
  169  10:23  Marine x2  
  169  10:28  Widow Mine  
  177  10:29  Supply Depot  
  177  10:30  Terran Infantry Weapons Level 3  
  177  10:33  Marine  
  176  10:41  Marine  
  175  10:43  Terran Infantry Armor Level 3, Marauder  
  175  10:46  Medivac, Command Center  
  175  10:48  Barracks Tech Lab  
  175  10:49  Marine x2  
  178  10:51  Medivac  
  178  10:55  Barracks Tech Lab  
  176  10:58  Siege Tank  
  176  11:03  SCV x2  
  177  11:04  Marauder  
  177  11:06  Marine x2  
  177  11:07  Marine x3  
  177  11:10  Widow Mine  
  186  11:12  Marine, Widow Mine  
  186  11:15  Marauder x2  
  186  11:16  Medivac  
  177  11:26  Marauder  
  177  11:31  Concussive Shells, Barracks Tech Lab  
  168  11:34  Medivac  
  168  11:36  Marauder x2, Siege Tank  
  168  11:37  Marine x4  
  168  11:38  Marine  
  176  11:41  Marine  
  176  11:44  Marine  
  176  11:46  Widow Mine  
  169  11:47  Marauder, Marine  
  169  11:52  Marauder  
  163  11:55  Marine x4  
  163  11:57  Marauder x2  
  163  11:59  Marine x2  
  152  12:01  Marine  
  152  12:05  Marine  
  152  12:08  Siege Tank  
  156  12:09  Marauder  
  156  12:10  SCV x2  
  156  12:13  Marauder  
  156  12:15  Widow Mine x2  
  166  12:16  Medivac x2, Marine x2  
  166  12:19  Marauder x2  
  176  12:27  Marine x2  
  166  12:30  Marauder  
  166  12:31  Marine  
  166  12:32  Marine x2  
  166  12:35  Marauder, Marine x2  
  166  12:36  Widow Mine  
  166  12:37  Widow Mine  
  161  12:40  Marauder x2, Marine  
  161  12:42  Planetary Fortress  
  164  12:45  Marine x2  
  164  12:46  Medivac  
  164  12:47  SCV x2  
  164  12:49  Marine  
  164  12:50  Marine x2  
  171  12:51  Marauder  
  171  12:53  Marine x2  
  171  12:54  Siege Tank  
  171  12:56  Marauder  
  171  12:57  Marine  
  179  13:01  Marine x2  
  179  13:03  Marine x2, Liberator  
  183  13:06  Marine  
  183  13:12  Marine x2  
  170  13:13  Marauder  
  170  13:16  Medivac  
  170  13:18  Marauder  
  170  13:19  Marauder x2  
  155  13:20  Marine x2  
  155  13:24  Marine, Widow Mine  
  155  13:26  Marine  
  157  13:27  Marine  
  158  13:34  Marauder  
  158  13:37  Command Center, Marine x2  
  158  13:39  Marauder, Siege Tank  
  158  13:41  Marauder x2  
  168  13:52  Marine  
  139  13:56  Marauder  
  139  13:57  Marine  
  139  13:58  Marine x4  
  139  13:59  Marine  
  139  14:00  Medivac, Marauder  
  139  14:02  Marauder  
  134  14:05  Widow Mine x2, Marine  
  135  14:10  Marine  
  135  14:14  Widow Mine, Marine  
  135  14:15  Marine x2  
  135  14:16  Marine x3  
  134  14:17  Marauder  
  134  14:21  SCV x2  
  134  14:22  Medivac, Marauder  
  134  14:23  Marauder, Marine  
  141  14:26  Refinery, Widow Mine  
  141  14:27  SCV  
  141  14:28  Marine, Barracks x2  
  141  14:30  Medivac  
  147  14:32  Marine  
  147  14:38  Marauder, Widow Mine x2  
  150  14:39  Marine x4  
  150  14:40  Marine x2  
  150  14:43  Marauder  
  150  14:45  Marauder  
  140  14:46  Marine  
  140  14:50  Marine  
  136  14:57  Marine x5, Widow Mine  
  136  14:58  Marine  
Show
View Real Time Build Order
Export as new Build Order

Reynor Zerg - Winner!

Build Orders: Hatch First, Lurkers 

Get SALT Encoding   

  12  0:00  Drone  
  13  0:12  Overlord  
  13  0:16  Drone  
  14  0:30  Drone x2  
  16  0:47  Hatchery  
  15  0:51  Drone  
  15  0:54  Drone  
  17  0:59  Drone  
  18  1:08  Extractor  
  17  1:15  Spawning Pool  
  17  1:17  Drone  
  17  1:21  Drone  
  18  1:28  Drone  
  19  1:39  Drone  
  20  1:49  Overlord  
  20  2:01  Queen x2  
  20  2:02  Zergling x4  
  26  2:11  Drone x2  
  28  2:21  Drone x2  
  30  2:30  Hatchery  
  30  2:34  Drone  
  30  2:36  Drone  
  30  2:42  Queen  
  32  2:46  Overlord  
  32  2:52  Metabolic Boost  
  32  2:54  Drone  
  32  2:56  Drone  
  32  2:58  Drone  
  35  3:05  Drone x2  
  37  3:10  Drone  
  37  3:11  Drone  
  39  3:14  Overlord  
  39  3:17  Drone x3  
  42  3:22  Queen  
  44  3:31  Overlord  
  44  3:33  Drone  
  44  3:34  Drone x2  
  47  3:37  Queen  
  47  3:40  Drone x2  
  51  3:45  Zergling x2  
  51  3:47  Queen  
  54  3:51  Zergling x2  
  54  3:54  Drone x3  
  58  3:59  Zergling x2  
  58  4:02  Overlord  
  59  4:03  Drone  
  59  4:05  Drone  
  59  4:06  Drone  
  62  4:12  Overlord, Queen  
  62  4:15  Extractor  
  63  4:23  Zergling x4  
  65  4:24  Drone  
  66  4:32  Drone x3  
  66  4:33  Spore Crawler, Evolution Chamber  
  66  4:34  Spore Crawler, Evolution Chamber  
  66  4:35  Drone x4  
  66  4:38  Zergling x4  
  71  4:42  Queen, Drone  
  74  4:49  Overlord  
  74  4:59  Overlord  
  74  5:01  Zerg Melee Weapons Level 1, Zerg Ground Armor Level 1  
  74  5:05  Overlord  
  74  5:08  Drone x3  
  74  5:09  Zergling x8  
  74  5:10  Zergling x2  
  82  5:18  Zergling x4  
  82  5:21  Zergling x2  
  81  5:23  Drone  
  78  5:32  Drone x5  
  83  5:36  Lair  
  83  5:37  Drone x4  
  83  5:38  Drone  
  83  5:39  Spore Crawler  
  87  5:46  Drone, Extractor  
  87  5:48  Hatchery, Drone  
  87  5:49  Drone  
  88  5:55  Extractor  
  88  5:56  Pneumatized Carapace  
  87  5:57  Extractor  
  87  5:58  Extractor, Baneling Nest  
  87  5:59  Drone x3  
  87  6:03  Overlord  
  87  6:04  Drone x2  
  89  6:05  Drone x2  
  89  6:06  Drone  
  89  6:09  Drone x3  
  89  6:10  Drone x2  
  97  6:13  Overlord  
  97  6:19  Drone  
  97  6:23  Overlord  
  97  6:24  Drone  
  99  6:31  Zergling x2  
  100  6:33  Zergling x2  
  100  6:37  Zergling x8  
  100  6:38  Drone  
  106  6:40  Zergling x10  
  106  6:44  Overlord  
  106  6:45  Zergling x2  
  113  6:47  Drone  
  113  6:51  Drone  
  114  6:54  Drone  
  114  6:57  Drone  
  114  6:58  Zerg Ground Armor Level 2, Zerg Melee Weapons Level 2  
  114  7:00  Hydralisk Den  
  115  7:03  Zergling x4  
  115  7:07  Zergling x2  
  115  7:08  Zergling x16  
  121  7:11  Baneling x3  
  121  7:12  Drone x3, Baneling  
  121  7:15  Queen, Drone  
  124  7:22  Zergling x4  
  127  7:25  Overlord  
  127  7:34  Zergling x2  
  128  7:38  Hatchery, Overlord  
  128  7:43  Zergling x2  
  128  7:44  Zergling x2  
  129  7:45  Muscular Augments  
  129  7:50  Zergling x14  
  135  7:57  Overlord  
  135  7:59  Spore Crawler x2  
  135  8:02  Drone x6  
  138  8:06  Hydralisk x3  
  138  8:07  Zergling x2  
  138  8:12  Hydralisk  
  137  8:17  Hydralisk  
  137  8:18  Zergling x6  
  139  8:20  Zergling x2, Hydralisk  
  139  8:25  Hydralisk  
  139  8:26  Infestation Pit, Lurker Den  
  141  8:28  Baneling x11  
  141  8:29  Overlord x3  
  134  8:34  Drone x2  
  134  8:36  Overseer  
  134  8:40  Hydralisk  
  134  8:41  Zergling x2  
  139  8:44  Zergling x6, Centrifical Hooks  
  139  8:46  Zergling x2  
  143  8:48  Drone x2, Extractor  
  143  8:50  Extractor  
  143  8:51  Zergling x2  
  143  8:53  Hydralisk, Baneling x6  
  146  8:56  Hydralisk x5  
  146  8:59  Hydralisk  
  146  9:00  Zergling x6  
  146  9:01  Zergling x2  
  146  9:02  Hatchery  
  161  9:03  Drone  
  161  9:04  Hive  
  161  9:07  Hydralisk  
  161  9:08  Zergling x2  
  161  9:09  Lurker Den  
  164  9:10  Drone  
  164  9:12  Zergling x4, Hydralisk  
  164  9:13  Zergling x8, Hydralisk  
  160  9:20  Zergling x2  
  156  9:26  Hydralisk  
  156  9:27  Zergling x12  
  156  9:28  Zergling x4, Hydralisk  
  149  9:32  Drone  
  149  9:33  Drone x3  
  149  9:37  Lurker x4  
  157  9:38  Drone  
  157  9:40  Drone x3  
  157  9:42  Zergling x2  
  157  9:45  Drone x2  
  163  9:47  Drone  
  163  9:48  Zerg Missile Weapons Level 1  
  163  9:52  Hydralisk  
  166  9:56  Overlord x2  
  166  10:04  Drone  
  166  10:05  Drone x2  
  166  10:08  Spore Crawler  
  166  10:09  Spore Crawler  
  166  10:10  Zergling x10, Extractor  
  166  10:11  Overseer  
  166  10:14  Extractor  
  164  10:17  Adaptive Talons  
  164  10:19  Seismic Spines  
  164  10:23  Drone x3, Lurker x3  
  164  10:24  Overlord, Drone x9  
  164  10:26  Drone x4  
  164  10:28  Lurker x3  
  186  10:35  Zergling x4, Hydralisk  
  187  10:36  Overlord  
  186  10:43  Zergling x6  
  186  10:48  Viper  
  186  10:49  Viper  
  193  10:51  Zergling x4  
  188  11:00  Viper  
  188  11:02  Drone x8  
  199  11:07  Baneling  
  199  11:08  Overseer, Baneling x3  
  197  11:24  Hydralisk  
  197  11:25  Zergling x18  
  190  11:26  Hydralisk  
  190  11:27  Zergling x16  
  199  11:33  Overlord  
  199  11:34  Overlord  
  199  11:35  Overlord, Overseer  
  199  11:41  Zerg Ground Armor Level 3  
  199  11:45  Overlord  
  195  11:47  Zergling x2  
  195  11:52  Hydralisk x2  
  195  11:53  Zergling x10  
  198  11:54  Hydralisk x2  
  198  11:55  Zergling x14  
  198  11:58  Hydralisk  
  198  11:59  Zergling x2  
  173  12:02  Hydralisk x4  
  173  12:04  Zergling x4  
  181  12:10  Hydralisk x2  
  181  12:11  Zergling x8  
  181  12:13  Lurker x2  
  181  12:14  Adrenal Glands  
  192  12:15  Zergling x10  
  192  12:20  Zergling x4  
  181  12:23  Hydralisk x2  
  181  12:24  Zergling x4  
  181  12:29  Hatchery  
  174  12:30  Zergling x8, Hydralisk  
  174  12:31  Zergling x10  
  174  12:33  Zergling x4  
  182  12:40  Zergling x2  
  182  12:41  Zergling x16  
  182  12:42  Overseer, Lurker x5  
  182  12:43  Overseer  
  193  12:44  Hydralisk x2  
  193  12:45  Zergling x2  
  193  12:50  Drone  
  199  12:52  Zergling x2  
  199  12:53  Zergling x2  
  199  12:54  Zerg Missile Weapons Level 2  
  199  12:56  Drone x2  
  199  12:59  Spore Crawler  
  199  13:01  Zergling x2  
  197  13:07  Hydralisk  
  197  13:08  Zergling x12  
  197  13:10  Zergling x12  
  195  13:17  Hydralisk  
  195  13:18  Zergling x24  
  189  13:27  Hydralisk  
  189  13:28  Zergling x4  
  189  13:30  Zergling x2, Hydralisk  
  189  13:31  Zergling x2, Overseer  
  197  13:39  Zergling x6  
  194  13:55  Grooved Spines, Hydralisk  
  179  13:56  Zergling x2, Hydralisk x9  
  179  13:57  Zergling x8, Hydralisk  
  179  13:58  Zergling x4  
  195  14:05  Hatchery, Hydralisk  
  195  14:06  Zergling x14  
  195  14:09  Hydralisk  
  190  14:10  Zergling x10  
  190  14:15  Hydralisk  
  180  14:17  Hydralisk x2  
  180  14:23  Hydralisk x2  
  181  14:25  Lurker x4  
  181  14:26  Hydralisk  
  181  14:29  Hydralisk  
  181  14:30  Zergling x8  
  193  14:33  Hydralisk  
  193  14:34  Zergling x12  
  193  14:35  Zergling x2  
  199  14:41  Zergling x2  
  199  14:51  Hydralisk  
  199  14:52  Zergling x10  
  200  14:54  Zergling x2  
  200  14:58  Zergling x2  
  200  14:59  Zergling x2  
  199  15:03  Drone x4  

Tags
 
Add a new tag
Caveats
  • Supply blocks, unpowered buildings, or Contaminate may cause inaccurate times.
  • Supply counts are checked every 10 seconds.